 Dungeon Crawl Stone Soup version 0.22-a0-617-g6d95e9e (webtiles) character file.

257 Amnesiac the Magician (level 5, -2/35 HPs)
             Began as a Mummy Wizard on July 12, 2018.
             Was a Follower of Kikubaaqudgha.
             Slain by a bullfrog (7 damage)
             ... on level 6 of the Dungeon on July 13, 2018.
             The game lasted 00:10:02 (2597 turns).

Amnesiac the Magician (Mummy Wizard)                Turns: 2597, Time: 00:10:03

Health: -2/35      AC:  4    Str: 10    XL:     5   Next: 93%
Magic:  2/11       EV: 12    Int: 19    God:    Kikubaaqudgha [*.....]
Gold:   138        SH:  0    Dex: 10    Spells: 1/12 levels left

rFire    x . .     SeeInvis .   a - +1 mace
rCold    + . .     Gourm    .   (no shield)
rNeg     + + +     Faith    .   p - +0 robe
rPois    ∞         Spirit   .   (no helmet)
rElec    .         Reflect  .   (no cloak)
rCorr    .         Harm     .   i - +0 pair of gloves
MR       .....                  h - +0 pair of boots
Stlth    +.........             b - amulet of regeneration
HPRegen  0.51/turn              e - ring of wizardry
MPRegen  0.12/turn              r - ring of loudness (curse)

@: very slightly contaminated
A: no food or potions, fire vulnerability, cold resistance 1, negative energy
resistance 3, torment resistance, unbreathing
a: Receive Corpses, Renounce Religion


You were on level 6 of the Dungeon.
You worshipped Kikubaaqudgha.
Kikubaaqudgha was aware of your devotion.
You were not hungry.

You visited 2 branches of the dungeon, and saw 6 of its levels.

You collected 138 gold pieces.

Inventory:

Hand Weapons
 a - a +1 mace (weapon)
Armour
 d - a +1 pair of gloves
 h - a +0 pair of boots (worn)
 i - a +0 pair of gloves (worn)
 p - a +0 robe (worn)
Jewellery
 b - an amulet of regeneration (around neck)
 e - a ring of wizardry (left hand)
 j - an uncursed ring of stealth
 r - a cursed ring of loudness (right hand)
Wands
 l - a wand of random effects (24)
Scrolls
 c - 2 scrolls of identify {!r}
 n - a scroll of magic mapping {!r}
 o - 2 scrolls of amnesia {!r}


   Skills:
 - Level 1.5 Dodging
 - Level 1.5 Stealth
 - Level 4.0 Spellcasting
 - Level 4.0 Conjurations
 - Level 0.7 Summonings
 + Level 3.2 Necromancy
 - Level 0.7 Translocations


You had one spell level left.
You knew the following spells:

 Your Spells              Type           Power        Failure   Level  Hunger
a - Magic Dart            Conj           ###.         1%          1    N/A
b - Call Imp              Summ           #.......     6%          2    N/A
e - Mephitic Cloud        Conj/Pois/Air  #.......     10%         3    N/A
s - Conjure Flame         Conj/Fire      ##......     8%          3    N/A
v - Blink                 Tloc           N/A          6%          2    N/A

Your spell library contained the following spells:

 Spells                   Type           Power        Failure   Level  Hunger
 Slow                     Hex            #.......     9%          2    N/A
 Pain                     Necr           ###.         1%          1    N/A
 Animate Skeleton         Necr           N/A          1%          1    N/A
 Vampiric Draining        Necr           ###.......   4%          3    N/A
 Corpse Rot               Necr           N/A          2%          2    N/A

Dungeon Overview and Level Annotations

Branches:
Dungeon (4/15)             Temple (1/1) D:4

Altars:
Ashenzari
Cheibriados
Dithmenos
Elyvilon
Fedhas
Gozag
Hepliaklqana
Kikubaaqudgha
Makhleb
Nemelex Xobeh
Okawaru
Qazlal
Ru
Sif Muna
Trog
Uskayaw
Vehumet
Wu Jian
Xom
Yredelemnul
Zin
The Shining One


Innate Abilities, Weirdness & Mutations

You do not eat or drink.
Your flesh is vulnerable to fire.
You are immune to poison.
Your flesh is cold resistant. (rC+)
You are immune to negative energy. (rN+++)
You are immune to unholy pain and torment.
You can survive without breathing.


Message History

Casting: Blink (safe; 6% risk of failure)
Confirm with . or Enter, or press ? or * to list all spells.
Aiming: Mephitic Cloud (safe; 10% risk of failure)
Press: ? - help, Shift-Dir - straight line, f - bullfrog
Aim: a bullfrog You miscast Mephitic Cloud.
You are very lightly contaminated with residual magic.
Your skin glows momentarily.
The bullfrog hits you but does no damage.
Unknown command.
Casting: Mephitic Cloud (safe; 10% risk of failure)
Confirm with . or Enter, or press ? or * to list all spells.
You don't have enough magic to cast that spell.
Okay, then.
The bullfrog hits you.
* * * LOW HITPOINT WARNING * * *
The bullfrog barely misses you.
Evoke which item? (* to show all) (? for menu, Esc to quit)
Okay, then.
The bullfrog closely misses you.
The bullfrog hits you but does no damage.
The crimson imp hits you but does no damage.
Okay, then.
You miss the crimson imp. The bullfrog hits you.
* * * LOW HITPOINT WARNING * * *
The crimson imp hits you but does no damage.
The bullfrog hits you.
* * * LOW HITPOINT WARNING * * *
You thump the crimson imp!
The crimson imp is severely wounded.
The bullfrog hits you.
* * * LOW HITPOINT WARNING * * *
The crimson imp hits you but does no damage.
The bullfrog completely misses you. The crimson imp barely misses you.
Put on which piece of jewellery? (? for menu, Esc to quit)
Okay, then.
You thump the crimson imp!
You kill the crimson imp!
Kikubaaqudgha accepts your kill.
Your Necromancy skill increases to level 3!
The bullfrog misses you.
The bullfrog hits you but does no damage.
The gnoll barely misses you. The bullfrog misses you.
You completely miss the gnoll. The bullfrog hits you.
* * * LOW HITPOINT WARNING * * *
The gnoll closely misses you. The bullfrog hits you.
* * * LOW HITPOINT WARNING * * *
Really read
g - 2 scrolls of fear {!r}?
As you read the scroll of fear {!r}, it crumbles to dust.
You assume a fearsome visage.
The bullfrog looks frightened!
The orc looks frightened!
The adder looks frightened!
The bullfrog looks frightened!
The gnoll looks frightened!
The orc looks frightened! x2; Cornered, the adder turns to fight!
Cornered, the bullfrog turns to fight! x2
Really read
g - a scroll of fear {!r}?
As you read the scroll of fear {!r}, it crumbles to dust.
You assume a fearsome visage.
The bullfrog looks frightened!
The adder looks frightened!
The bullfrog looks frightened!
The orc looks frightened!
Cornered, the bullfrog turns to fight!
Cornered, the adder turns to fight!
Cornered, the orc turns to fight!
Cornered, the bullfrog turns to fight!
The bullfrog hits you!
You die...
Kikubaaqudgha rasps: "You have failed me!
Welcome... oblivion!"

#.......og......##.....
#........#oo.......#
#.....##.######o####
#.....##.#g...o.#
#.....##o#o######
#......o.#.#..
##########.#.#
##.#.#########
#.....o.g..@FSFo.#
#.######.#######o#
#.....o.######o#
#...#####ohoF....#
#..##...##o#######
#..#.#.#.#.#
#....#)#...#
#..#.#.#.#.#
#..##...##.#


You could see 2 bullfrogs, a gnoll (fleeing), an adder and 3 orcs.

Vanquished Creatures
  A scorpion (D:4)
  A crimson imp (D:6)
  4 gnolls
  2 howler monkey skeletons
  3 adders
  An ooze (D:2)
  2 worms
  3 leopard geckos
  6 orcs
  7 giant cockroaches
  3 goblins
  8 hobgoblins
  2 jackals (D:6)
  4 quokkas (D:2)
  11 bats
  5 frilled lizards
  6 kobolds
  8 rats
77 creatures vanquished.

Vanquished Creatures (collateral kills)
  An adder (D:2)
  A worm (D:2)
2 creatures vanquished.

Vanquished Creatures (others)
  10 toadstools (D:3)
10 creatures vanquished.

Grand Total: 89 creatures vanquished

Notes
Turn   | Place    | Note
-------+----------+-------------------------------------------
     0 | D:1      | Amnesiac the Mummy Wizard began the quest for the Orb.
     0 | D:1      | Reached XP level 1. HP: 13/13 MP: 5/5
     3 | D:1      | Reached skill level 1 in Conjurations
   270 | D:1      | Reached XP level 2. HP: 18/19 MP: 0/7
   445 | D:1      | Learned a level 2 spell: Call Imp
   647 | D:2      | Reached XP level 3. HP: 20/24 MP: 0/8
   652 | D:2      | Learned a level 3 spell: Conjure Flame
   656 | D:2      | Learned a level 3 spell: Mephitic Cloud
   983 | D:4      | Noticed a scorpion
  1053 | D:4      | Killed a scorpion
  1053 | D:4      | Reached XP level 4. HP: 26/30 MP: 0/10
  1092 | D:4      | Found a staircase to the Ecumenical Temple.
  1161 | D:4      | Learned a level 2 spell: Blink
  1306 | Temple   | Entered the Ecumenical Temple
  1583 | Temple   | Became a worshipper of Kikubaaqudgha
  1739 | D:3      | Reached XP level 5. HP: 30/35 MP: 0/11
  1761 | D:3      | Reached skill level 1 in Necromancy
  2191 | D:2      | Reached * piety under Kikubaaqudgha
  2191 | D:2      | Identified Kikubaaqudgha's Reference Book on Evil (Kikubaaqudgha gifted it to you on level 2 of the Dungeon)
  2191 | D:2      | Received a gift from Kikubaaqudgha
  2239 | D:2      | Found a shadowy altar of Dithmenos.
  2441 | D:3      | You fall through a shaft for 3 floors!
  2476 | D:6      | Noticed a phantom
  2597 | D:6      | Slain by a bullfrog

Vault maps used:
D:1:      roderic_dead_forest
D:2:      grunt_dithmenos_smoke
D:3:      cheibrodos_fertilizer
D:4:      minmay_temple_entry_statues, serial_forest, infiniplex_forest_lined_2,
          infiniplex_forest_clump_small, infiniplex_forest_lined_corner,
          infiniplex_forest_lined_2, infiniplex_forest_lined_3_way,
          infiniplex_forest_side_room, first_ration
D:6:      columned_hall_lemuel, minmay_checkerbox
Temple:   nicolae_temple_the_god_donut

Skill      XL: |  1  2  3  4  5 |
---------------+----------------+-----
Conjurations   | 1 2 3 4 |  4.0
Necromancy     | 3 |  3.2
Dodging        | |  1.5
Stealth        | |  1.5
Spellcasting   | |  4.0
Summonings     | |  0.7
Translocations | |  0.7

Action                   |  1- 3 |  4- 6 || total
-------------------------+-------+-------++-------
Melee: Short sword       |    47 |    50 ||    97
       Mace              |       |    38 ||    38
 Cast: Magic Dart        |    78 |    54 ||   132
       Call Imp          |     2 |       ||     2
       Mephitic Cloud    |     1 |     7 ||     8
       Blink             |       |    18 ||    18
  Use: Scroll            |       |    10 ||    10
 Stab: Confused          |     1 |     1 ||     2
       Sleeping          |       |     2 ||     2
Armor: Robe              |    17 |    37 ||    54
Dodge: Dodged            |    54 |   109 ||   163

Table legend:
 A = Spawn XP
 B = Non-spawn XP
 C = Spawn XP percentage of total XP
 D = Spawn monster count
 E = Non-spawn monster count
 F = Spawn count percentage of total count
 G = Total turns spent on level
                    A         B        C        D         E        F      G
               +---------+---------+-------+---------+---------+-------+---------
         Total |       0 |     368 |   0.0 |       0 |      79 |   0.0 |  2597
               +---------+---------+-------+---------+---------+-------+---------
           D:1 |       0 |      34 |   0.0 |       0 |      22 |   0.0 |   797
           D:2 |       0 |     114 |   0.0 |       0 |      30 |   0.0 |   634
           D:3 |       0 |      41 |   0.0 |       0 |      15 |   0.0 |   166
           D:4 |       0 |     108 |   0.0 |       0 |       6 |   0.0 |   543
           D:6 |       0 |      71 |   0.0 |       0 |       6 |   0.0 |   156
               +---------+---------+-------+---------+---------+-------+---------
